 Dungeon Crawl Stone Soup version 0.23.0 (webtiles) character file.

Game seed: 5373500063588959471

93923 GotenAND the Severer (level 15, -2/141 HPs)
             Began as a Deep Dwarf Fighter on Feb 14, 2019.
             Was the Champion of Makhleb.
             Slain by a +0 glaive of protection (16 damage)
             ... on level 2 of the Elven Halls.
             The game lasted 00:56:29 (18527 turns).

GotenAND the Severer (Deep Dwarf Fighter)          Turns: 18527, Time: 00:56:30

Health: -2/141     AC: 26    Str: 26    XL:     15   Next: 62%
Magic:  7/7        EV:  7    Int:  9    God:    Makhleb [******]
Gold:   1829       SH: 29    Dex: 15    Spells: 22/22 levels left

rFire    + + +     SeeInvis .   a - +5 war axe (flame)
rCold    x . .     Gourm    .   s - +2 large shield
rNeg     + . .     Faith    .   K - +2 fire dragon scales
rPois    .         Spirit   .   q - +0 helmet
rElec    .         Reflect  +   F - +2 cloak
rCorr    .         Harm     .   v - +2 pair of gloves {archery}
MR       ++...                  y - +2 pair of boots
Stlth    ..........             A - +6 amulet of reflection
HPRegen  0.00/turn              w - +3 ring of dexterity
MPRegen  0.10/turn              c - ring of protection from fire

@: liquid flames, non-regenerating, glowing, drained
A: damage resistance, heal wounds, mutation resistance 1, negative energy
resistance 1, sense surroundings 2, shaggy fur 1, no regeneration
a: Heal Wounds, Minor Destruction, Lesser Servant of Makhleb, Major Destruction,
Greater Servant of Makhleb, Renounce Religion


You were on level 2 of the Elven Halls.
You worshipped Makhleb.
Makhleb was exalted by your worship.
You were hungry.

You visited 5 branches of the dungeon, and saw 22 of its levels.
You also visited: Ossuary.

You collected 2339 gold pieces.
You spent 510 gold pieces at shops.

Inventory:

Hand Weapons
 a - a +5 war axe of flaming (weapon)
Armour
 q - a +0 helmet (worn)
 s - a +2 large shield (worn)
 v - a +2 pair of gloves of archery (worn)
 y - a +2 pair of boots (worn)
 B - a +4 ring mail of poison resistance
 F - a +2 cloak (worn)
 I - a +0 large shield of cold resistance
 K - +2 fire dragon scales (worn)
Jewellery
 c - a ring of protection from fire (right hand)
 k - an uncursed amulet of magic regeneration
 w - a +3 ring of dexterity (left hand)
 A - a +6 amulet of reflection (around neck)
 M - the cursed ring of Fafich {Int+3 Slay-2}
   (You took it off a deep elf mage on level 1 of the Elven Halls)

   [ring of slaying]

   It affects your intelligence (+3).
   It affects your accuracy and damage with ranged weapons and melee attacks
   (-2).
   It has a curse placed upon it.
Wands
 G - a wand of digging (4)
 J - a wand of flame (23)
 L - a wand of acid (8)
Scrolls
 b - 7 scrolls of amnesia
 l - 2 scrolls of blinking
 o - 5 scrolls of magic mapping
 r - 5 scrolls of fear
 u - 5 scrolls of remove curse
 x - 7 scrolls of teleportation
 C - 2 scrolls of identify
 D - a scroll of fog
Potions
 d - 6 potions of might
 e - 6 potions of agility
 g - 3 potions of haste
 h - 3 potions of magic
 i - 6 potions of brilliance
 j - 8 potions of curing
 m - 5 potions of heal wounds
 n - 2 potions of cancellation
 t - a potion of invisibility {unknown}
 E - a potion of resistance
 H - a potion of flight
Miscellaneous
 p - a sack of spiders
Comestibles
 f - 43 rations
 z - a chunk of flesh


   Skills:
 * Level 11.0(9.8) Fighting
 * Level 17.0(15.7) Axes
 * Level 11.2(10.0) Armour
 * Level 16.1(14.8) Shields
 - Level 4.0(3.0) Spellcasting
 * Level 10.4(9.2) Invocations


You had 22 spell levels left.
You didn't know any spells.
Your spell library contained the following spells:

 Spells                   Type           Power        Failure   Level  Hunger
 Confusing Touch          Hex            #.....       95%         1    ##.....
 Corona                   Hex            #......      95%         1    ##.....
 Sandblast                Erth           #.....       95%         1    ##.....
 Summon Small Mammal      Summ           #...         95%         1    ##.....
 Call Imp                 Summ           #.......     98%         2    ###....
 Ensorcelled Hibernation  Hex/Ice        #.....       98%         2    ###....
 Passwall                 Tmut/Erth      #.......     98%         2    ###....
 Slow                     Hex            #.......     98%         2    ###....
 Call Canine Familiar     Summ           #.......     100%        3    ####...
 Confuse                  Hex            #.......     100%        3    ####...
 Dazzling Spray           Conj/Hex       #.....       100%        3    ####...
 Gell's Gravitas          Tloc           #.........   100%        3    ####...
 Inner Flame              Hex/Fire       #.......     100%        3    ####...
 Portal Projectile        Hex/Tloc       #.....       100%        3    ####...
 Stone Arrow              Conj/Erth      #.....       100%        3    ####...
 Summon Guardian Golem    Hex/Summ       #.......     100%        3    ####...
 Teleport Other           Tloc           #.......     100%        3    ####...
 Tukima's Dance           Hex            #.......     100%        3    ####...
 Cause Fear               Hex            #.........   100%        4    #####..
 Leda's Liquefaction      Hex/Erth       #.........   100%        4    #####..
 Petrify                  Tmut/Erth      #.......     100%        4    #####..
 Summon Ice Beast         Ice/Summ       #.......     100%        4    #####..
 Summon Lightning Spire   Summ/Air       #.......     100%        4    #####..
 Bolt of Magma            Conj/Fire/Erth #.........   100%        5    ######.
 Borgnjor's Vile Clutch   Necr/Erth      #.........   100%        5    ######.
 Irradiate                Conj/Tmut      #.........   100%        5    ######.
 Lee's Rapid Deconstruct  Erth           #.........   100%        5    ######.
 Metabolic Englaciation   Hex/Ice        #.........   100%        5    ######.
 Yara's Violent Unravell  Hex/Tmut       #.........   100%        5    ######.
 Hydra Form               Tmut           #.........   100%        6    #######
 Statue Form              Tmut/Erth      #........    100%        6    #######
 Dragon Form              Tmut           #.........   100%        7    #######


Dungeon Overview and Level Annotations

Branches:
Dungeon (11/15)            Temple (1/1) D:6            Lair (6/6) D:11
  Swamp (0/4) Lair:3        Snake (0/4) Lair:3        Slime (0/5) Lair:6
    Orc (2/2) D:11            Elf (2/3) Orc:2

Altars:
Ashenzari
Cheibriados
Dithmenos
Elyvilon
Fedhas
Gozag
Hepliaklqana
Kikubaaqudgha
Makhleb
Nemelex Xobeh
Okawaru
Qazlal
Ru
Sif Muna
Trog
Uskayaw
Vehumet
Wu Jian
Xom
Yredelemnul
Zin
The Shining One
Beogh
Jiyva

Shops:
D:8 ?   D:11 (   Orc:2 ?[*[   Elf:1 [%:


Innate Abilities, Weirdness & Mutations

You are resistant to damage.
You can heal yourself by infusing magical energy.
You resist negative energy. (rN+)
You passively map the area around you.
You do not regenerate.
You are somewhat resistant to further mutation.
You are covered in fur. (AC +1)


Message History

You feel much better.
You are covered in liquid flames!
The +4 mace of protection burns!
The deep elf mage burns!
You block the deep elf knight's attack.
The deep elf blademaster hits you with a +1 short sword of electrocution!
* * * LOW HITPOINT WARNING * * *
You are electrocuted!
* * * LOW HITPOINT WARNING * * *
You block the deep elf blademaster's attack.
You block the fire elemental's attack.
The +0 mace of crushing hits you but does no damage.
The +2 dire flail of protection hits you but does no damage.
You block the +4 mace of protection's attack.
The deep elf mage points at you and mumbles some strange words.
The bolt of lightning hits you!
* * * LOW HITPOINT WARNING * * *
The bolt of lightning misses the +0 mace of crushing.
The bolt of lightning misses the +0 glaive of protection.
The +0 glaive of protection hits you from afar!!
You die...

, , , * *
.....#....## *
,
...........##
............ ,
, ...........
* , ,
.......ยงยงยง#
, .....()E..##
,
,......(ee..##
,,
.....E(@e...#
*
,.....#(Ee..##
,
,...,*##...##
* **, , .,. *
##..## * **,
,..*##....##
** ,
...#......# ,
,,.........##
, ,,,
,........## ,
*,, *
.##.....##


You could see a deep elf blademaster, a deep elf knight, 2 deep elf magi, 3 fire
elementals and 4 dancing weapons.

Vanquished Creatures
  A deep elf sorcerer (Elf:1)
  Azrael (Orc:2)
  2 deep elf annihilators (Elf:1)
  2 dire elephants (Lair:3)
  Snorg (Lair:5)
  A fire dragon (Lair:6)
  The ghost of P0WERM0DE the Dwarven Aeon, a journeyman DDFi of Cheibriados (Orc:2)
  Harold (D:7)
  A catoblepas (Lair:6)
  4 hydras
  10 dancing weapons
  15 two-headed ogres
  2 orc high priests (Orc:2)
  5 ogre magi
  Nergalle (D:10)
  9 deep elf knights
  A fire crab (Lair:1)
  An unseen horror (D:8)
  2 deep elf archers (Elf:1)
  An orc knight (Orc:2)
  2 orc sorcerers
  2 lindwurms (Lair:6)
  29 deep elf magi
  2 cyclopes
  An elephant (Lair:1)
  9 black mambas
  17 spiny frogs
  Psyche (D:8)
  2 molten gargoyles (Lair:6)
  4 rime drakes
  2 kobold demonologists (D:11)
  6 komodo dragons
  A queen bee (Lair:1)
  3 trolls
  Prince Ribbit (D:8)
  7 hippogriffs
  10 blink frogs
  Grinder (D:4)
  A bog body (Lair:3)
  A shadow (D:11)
  2 water elementals (D:11)
  8 wyverns
  4 hogs (D:10)
  A human (D:10)
  23 yaks
  9 basilisks
  3 fire elementals (Orc:2)
  A golden eye (shapeshifter) (Elf:1)
  2 steam dragons (Lair:6)
  A warg (Orc:2)
  A naga (Lair:3)
  A soldier ant (D:11)
  9 water moccasins
  6 hell hounds
  12 porcupines
  3 ice beasts
  11 orc warriors
  6 black bears
  2 phantoms (D:4)
  A necrophage (D:5)
  2 sky beasts
  8 wolves
  28 ogres
  6 centaurs
  9 crocodiles
  2 elf zombies (Ossuary)
  2 big kobolds
  A gnoll sergeant (D:9)
  11 bullfrogs
  An earth elemental (Elf:1)
  A scorpion (D:11)
  32 killer bees
  10 electric eels
  7 howler monkeys
  5 lava snakes (Lair:6)
  A bullfrog zombie (D:6)
  6 centaur zombies
  6 crimson imps
  5 hounds
  6 jellies
  10 orc priests
  A bullfrog skeleton (D:9)
  5 human zombies (Ossuary)
  A gnoll shaman (D:7)
  An iguana (D:7)
  15 orc wizards
  9 worker ants
  2 hound zombies
  A hound skeleton (D:5)
  3 mummies (Ossuary)
  A worker ant zombie (D:11)
  7 gnolls
  11 adders
  5 river rats (D:4)
  3 shadow imps
  An adder skeleton (D:8)
  4 worms
  7 leopard geckos
  61 orcs
  3 ball pythons
  8 giant cockroaches
  4 goblins
  6 hobgoblins
  12 jackals
  5 kobolds
  A quokka (D:10)
  3 bats
  5 frilled lizards
  A giant cockroach zombie (D:5)
  A leopard gecko skeleton (D:5)
  A quokka skeleton (D:6)
  A quokka zombie (D:8)
  8 rats
  16 fungi
  7 plants
649 creatures vanquished.

Vanquished Creatures (others)
  A deep elf mage (Elf:2)
  A bog body (Lair:3)
  A naga (Lair:3)
  An orc warrior (Orc:2)
  3 centaurs (D:11)
  An orc wizard (D:7)
  An orc (D:9)
  A kobold (D:11)
  A bush (Lair:4)
  8 fungi
  3 plants
  9 toadstools (Lair:3)
31 creatures vanquished.

Grand Total: 680 creatures vanquished

Notes
Turn   | Place    | Note
-------+----------+-------------------------------------------
     0 | D:1      | GotenAND the Deep Dwarf Fighter began the quest for the
                  | Orb.
     0 | D:1      | Reached XP level 1. HP: 20/20 MP: 1/1
   228 | D:1      | Reached XP level 2. HP: 27/27 MP: 2/2
   721 | D:2      | Reached XP level 3. HP: 25/34 MP: 3/3
   882 | D:3      | Reached skill level 3 in Axes
  1127 | D:3      | Reached XP level 4. HP: 34/42 MP: 3/3
  1428 | D:3      | Found a faded altar of an unknown god.
  1640 | D:4      | Reached XP level 5. HP: 44/49 MP: 5/5
  1694 | D:4      | Noticed Grinder
  1718 | D:4      | Killed Grinder
  1718 | D:4      | Reached skill level 4 in Axes
  1718 | D:4      | Reached skill level 1 in Spellcasting
  1718 | D:4      | Reached XP level 6. HP: 37/56 MP: 6/6
  1752 | D:4      | Reached skill level 5 in Axes
  2029 | D:4      | Reached XP level 7. HP: 43/63 MP: 8/8
  2041 | D:4      | Reached skill level 5 in Shields
  2046 | D:4      | Found a blossoming altar of Fedhas.
  2169 | D:4      | Reached skill level 6 in Axes
  2787 | D:5      | Entered Level 5 of the Dungeon
  2909 | D:5      | Reached skill level 5 in Armour
  2909 | D:5      | Reached XP level 8. HP: 58/72 MP: 8/8
  2920 | D:5      | Reached skill level 7 in Axes
  3247 | D:5      | HP: 1/73 [sky beast (4)]
  3852 | D:6      | Found a basalt altar of Yredelemnul.
  4108 | D:6      | Found a staircase to the Ecumenical Temple.
  4111 | D:6      | Identified the Reference Book on Ashen Translocation
  4126 | Temple   | Entered the Ecumenical Temple
  4186 | Temple   | Became a worshipper of Makhleb the Destroyer
  4388 | D:6      | Found a sand-covered staircase.
  4394 | Ossuary  | Entered an ossuary
  4410 | Ossuary  | Reached skill level 8 in Axes
  4447 | Ossuary  | Gained mutation: You passively map the area around you.
                  | [Deep Dwarf growth]
  4447 | Ossuary  | Reached XP level 9. HP: 54/80 MP: 7/7
  4829 | D:7      | Noticed Harold
  4863 | D:7      | Killed Harold
  4863 | D:7      | Reached * piety under Makhleb
  4863 | D:7      | Reached skill level 5 in Fighting
  4863 | D:7      | Reached skill level 9 in Axes
  5027 | D:7      | Reached skill level 10 in Axes
  5070 | D:7      | Found a transporter.
  5072 | D:7      | Noticed a two-headed ogre
  5075 | D:7      | Noticed an ogre mage
  5077 | D:7      | Found a roughly hewn altar of Beogh.
  5077 | D:7      | Found a transporter.
  5531 | D:7      | Killed a two-headed ogre
  5531 | D:7      | Reached XP level 10. HP: 58/91 MP: 9/9
  5555 | D:7      | Killed an ogre mage
  5670 | D:7      | Identified a scroll of acquirement
  5683 | D:7      | Gained mutation: You are covered in fur. (AC +1) [potion of
                  | mutation]
  5683 | D:7      | Gained mutation: You are somewhat resistant to further
                  | mutation. [potion of mutation]
  5759 | D:8      | Reached ** piety under Makhleb
  5773 | D:8      | Noticed Psyche
  5814 | D:8      | Killed Psyche
  5814 | D:8      | Reached skill level 11 in Axes
  5814 | D:8      | Reached skill level 1 in Invocations
  5922 | D:8      | Noticed Prince Ribbit
  5949 | D:8      | Found Qaol's Magic Scroll Shoppe.
  6068 | D:8      | Killed an unseen horror
  6734 | D:8      | Killed Prince Ribbit
  7459 | D:9      | Noticed a cyclops
  7466 | D:9      | Killed a cyclops
  7500 | D:9      | Found a blossoming altar of Fedhas.
  7596 | D:9      | Found a hazy altar of Hepliaklqana.
  7596 | D:9      | Found a bloodstained altar of Trog.
  7936 | D:10     | Entered Level 10 of the Dungeon
  7972 | D:10     | Found a runed translucent door.
  7974 | D:10     | Noticed a cyclops
  7974 | D:10     | Noticed a two-headed ogre
  8003 | D:10     | Killed a two-headed ogre
  8003 | D:10     | Reached XP level 11. HP: 54/99 MP: 10/10
  8131 | D:10     | Reached skill level 12 in Axes
  8401 | D:10     | Noticed Nergalle
  8414 | D:10     | Killed Nergalle
  8586 | D:10     | Reached *** piety under Makhleb
  8760 | D:11     | Reached skill level 10 in Shields
  8786 | D:11     | Found a staircase to the Lair.
  8939 | D:11     | Found Pyned Ybe's Weapon Shoppe.
  8974 | D:11     | Reached skill level 5 in Invocations
  9015 | D:11     | Noticed a six-headed hydra
  9025 | D:11     | Killed a one-headed hydra
  9025 | D:11     | Reached skill level 13 in Axes
  9221 | D:11     | Found a staircase to the Orcish Mines.
  9280 | D:11     | Reached **** piety under Makhleb
  9593 | Lair:1   | Entered Level 1 of the Lair of Beasts
  9623 | Lair:1   | Reached XP level 12. HP: 109/109 MP: 10/10
 10788 | Lair:1   | Reached skill level 14 in Axes
 11019 | Lair:2   | Reached ***** piety under Makhleb
 11303 | Lair:2   | Noticed a five-headed hydra
 11309 | Lair:2   | Killed a one-headed hydra
 11638 | Lair:2   | Reached XP level 13. HP: 118/118 MP: 10/10
 12165 | Lair:3   | Found a deep blue altar of Sif Muna.
 12181 | Lair:3   | Found a staircase to the Snake Pit.
 12260 | Lair:3   | Found a staircase to the Swamp.
 12684 | Lair:3   | Noticed a dire elephant
 12684 | Lair:3   | Noticed a dire elephant
 12685 | Lair:3   | Found the +7 mace of Variability {chain chaos}
 12704 | Lair:3   | Found a runed translucent door.
 12818 | Lair:3   | Killed a dire elephant
 12887 | Lair:3   | Killed a dire elephant
 13819 | Lair:5   | Noticed Snorg
 13835 | Lair:5   | Reached skill level 15 in Axes
 13842 | Lair:5   | Killed Snorg
 14003 | Lair:5   | You fall through a shaft!
 14003 | Lair:6   | Entered Level 6 of the Lair of Beasts
 14032 | Lair:6   | Found a staircase to the Slime Pits.
 14033 | Lair:6   | Found a viscous altar of Jiyva.
 14640 | Lair:6   | Reached skill level 10 in Armour
 15343 | Lair:6   | Gained mutation: You resist negative energy. (rN+) [Deep
                  | Dwarf growth]
 15343 | Lair:6   | Reached XP level 14. HP: 123/129 MP: 11/11
 15382 | Lair:6   | Found a large runed translucent door.
 15382 | Lair:6   | Found a large runed translucent door.
 15996 | Orc:1    | Entered Level 1 of the Orcish Mines
 16034 | Orc:1    | Found a roughly hewn altar of Beogh.
 16498 | Orc:2    | Entered Level 2 of the Orcish Mines
 16498 | Orc:2    | Noticed Azrael
 16506 | Orc:2    | Reached ****** piety under Makhleb
 16530 | Orc:2    | Killed Azrael
 16537 | Orc:2    | Reached skill level 16 in Axes
 16632 | Orc:2    | Reached skill level 10 in Fighting
 16636 | Orc:2    | Found Variri's Antique Armour Shoppe.
 16636 | Orc:2    | Found Caiwk's Antique Armour Shop.
 16733 | Orc:2    | Found a radiant altar of Vehumet.
 16745 | Orc:2    | Found Eqoidoemi's Magic Scroll Emporium.
 16746 | Orc:2    | Found Beang's Assorted Antiques.
 16754 | Orc:2    | Bought a scroll of enchant armour for 90 gold pieces
 16754 | Orc:2    | Bought a scroll of enchant armour for 90 gold pieces
 16755 | Orc:2    | Bought a runed large shield for 165 gold pieces
 16755 | Orc:2    | Bought a scroll of enchant weapon for 165 gold pieces
 16842 | Orc:2    | Found a runed translucent gate.
 16843 | Orc:2    | Found a runed translucent gate.
 16862 | Orc:2    | Found a runed translucent gate.
 16959 | Orc:2    | Found a staircase to the Elven Halls.
 17102 | Orc:2    | Noticed P0WERM0DE's ghost (journeyman DDFi)
 17151 | Orc:2    | Killed P0WERM0DE's ghost
 17312 | Orc:2    | Reached skill level 15 in Shields
 17341 | Elf:1    | Entered Level 1 of the Elven Halls
 17420 | Elf:1    | Found Covun's Assorted Antiques.
 17520 | Elf:1    | Reached XP level 15. HP: 138/138 MP: 12/12
 17545 | Elf:1    | Noticed a deep elf sorcerer
 17557 | Elf:1    | Killed a deep elf sorcerer
 17836 | Elf:1    | Reached skill level 10 in Invocations
 17876 | Elf:1    | Found Fefa's Armour Shop.
 18079 | Elf:1    | Found Igifinas's Food Emporium.
 18138 | Elf:1    | Found Fuapuem's Book Shoppe.
 18156 | Elf:1    | Identified the cursed ring of Fafich {Int+3 Slay-2}
 18393 | Elf:2    | Found a huge runed translucent gate.
 18393 | Elf:2    | Found a huge runed translucent gate.
 18394 | Elf:2    | Found a huge runed translucent gate.
 18395 | Elf:2    | Found a huge runed translucent gate.
 18408 | Elf:2    | Found a huge runed translucent gate.
 18456 | Elf:2    | Reached skill level 17 in Axes
 18499 | Elf:2    | Noticed a deep elf blademaster
 18527 | Elf:2    | Slain by a +0 glaive of protection

Skill      XL: |  1  2  3  4  5  6  7  8  9 10 11 12 13 14 15 |
---------------+----------------------------------------------+-----
Fighting       | 3 4 5 6 7 8 9 10 11 | 11.0
Axes           | 3 4 5 6 8 10 11 13 14 15 16 17 | 17.0
Shields        | 4 5 6 7 9 10 12 13 15 16 | 16.1
Armour         | 4 5 6 8 9 10 11 | 11.2
Spellcasting   | 1 2 3 4 |  4.0
Invocations    | 3 5 6 8 9 10 | 10.4

Action                   |  1- 3 |  4- 6 |  7- 9 | 10-12 | 13-15 || total
-------------------------+-------+-------+-------+-------+-------++-------
Melee: War axe           |   105 |   163 |   519 |   777 |  1119 ||  2683
       Unarmed           |       |       |       |    11 |       ||    11
 Abil: Heal Wounds       |     1 |     4 |    24 |    14 |    25 ||    68
  Use: Scroll            |       |       |    11 |    15 |    11 ||    37
       Potion            |       |       |     9 |     5 |       ||    14
 Stab: Confused          |       |       |       |     1 |       ||     1
  Eat: Chunk             |     1 |     3 |     9 |    21 |    23 ||    57
       Ration            |       |       |     1 |       |       ||     1
Armor: Scale mail        |    48 |    54 |   187 |       |       ||   289
       Ring mail         |       |       |    13 |   448 |    90 ||   551
       Skin              |       |       |       |     8 |       ||     8
       Fire dragon scale |       |       |       |       |   243 ||   243
Dodge: Dodged            |    33 |    43 |   145 |   235 |   141 ||   597
Block: Shield            |    54 |    80 |   338 |   785 |    30 ||  1287
       Reflection        |       |       |     1 |    37 |    44 ||    82
       Large shield      |       |       |       |       |  1211 ||  1211
